TOP OF THE 1ST |
Scranton Supernovas batting - Pitching for Florida Men : RHP Kullervo Hostikka
|
Pitching: RHP Kullervo Hostikka
|
|
Batting: RHB Yong-ho Jheon
|
0-0: Called Strike 0-1: Called Strike 0-2: Ball 1-2: Ball 2-2: Fly out, F8 (Flyball, 8RM, EV 73.8 MPH)
|
Batting: RHB Zhong-yan Zhang
|
0-0: Ball 1-0: Foul Ball, location: 2F 1-1: Ball 2-1: Foul Ball, location: 2F 2-2: Ball 3-2: SINGLE (Groundball, 6MD, EV 98.1 MPH)
|
Batting: RHB August Force
|
0-0: Called Strike Zhong-yan Zhang is caught stealing 2nd base 2-4 0-1: Ball 1-1: Called Strike 1-2: Ground out 5-3 (Groundball, 5S, EV 70.0 MPH)
|
Top of the 1st over - 0 runs, 1 hit, 0 errors, 0 left on base; Scranton 0 - Florida 0 |
BOTTOM OF THE 1ST |
Florida Men batting - Pitching for Scranton Supernovas : RHP Heath Brown
|
Pitching: RHP Heath Brown
|
|
Batting: RHB Matsudaira Sugahara
|
0-0: Ball 1-0: Called Strike 1-1: Ball 2-1: Fly out, F5 (Line Drive, 5, EV 73.1 MPH)
|
Batting: RHB Marcos Janero
|
0-0: Fly out, F8 (Flyball, 8RS, EV 90.6 MPH)
|
Batting: LHB Edward Kisiner
|
0-0: Ball 1-0: Ball 2-0: SOLO HOME RUN (Flyball, 9D, EV 87.5 MPH), Distance : 363 ft
|
Batting: RHB Walke Mehoff
|
0-0: Called Strike 0-1: Ball 1-1: Ball 2-1: Ball 3-1: Base on Balls
|
Batting: RHB César Guerra
|
0-0: Ball 1-0: Swinging Strike 1-1: Ball 2-1: Ground out 4-3 (Groundball, 4, EV 96.9 MPH)
|
Bottom of the 1st over - 1 run, 1 hit, 0 errors, 1 left on base; Scranton 0 - Florida 1 |
TOP OF THE 2ND |
Scranton Supernovas batting - Pitching for Florida Men : RHP Kullervo Hostikka
|
Batting: LHB Guan-pei Bei
|
0-0: Ball 1-0: Foul Ball, location: 2F 1-1: Fly out, F9 (Flyball, 9LD, EV 103.8 MPH)
|
Batting: RHB Phil Moore
|
0-0: Swinging Strike 0-1: DOUBLE (Flyball, 8RXD, EV 92.5 MPH)
|
Pitching: LHP Raúl Hinojosa
|
|
Batting: RHB Gene Wilson
|
0-0: Called Strike 0-1: Fly out, F8 (Flyball, 8LXD, EV 100.6 MPH) Runner from 2nd tags up, SAFE at 3rd, no throw by CF
|
Batting: LHB Quentin Batkin
|
0-0: Called Strike 0-1: Ball 1-1: Ball Wild Pitch! Phil Moore scores 2-1: SINGLE (Groundball, 3D, EV 101.2 MPH)
|
Batting: RHB Guillermo Alessandrini
|
0-0: Foul Ball, location: 2F 0-1: Ball 1-1: Called Strike 1-2: Ground out U3 (Groundball, 3S, EV 76.9 MPH)
|
Top of the 2nd over - 1 run, 2 hits, 0 errors, 1 left on base; Scranton 1 - Florida 1 |
BOTTOM OF THE 2ND |
Florida Men batting - Pitching for Scranton Supernovas : RHP Heath Brown
|
Batting: LHB Basava Puri
|
0-0: Ball 1-0: Called Strike 1-1: Foul Ball, location: 2F 1-2: Foul Ball, location: 2F 1-2: Ball 2-2: Foul Ball, location: 2F 2-2: Ball 3-2: Ground out 6-3 (Groundball, 6, EV 80.0 MPH)
|
Batting: RHB Pellervo Rintanen
|
0-0: Ball 1-0: Called Strike 1-1: Foul Ball, location: 2F 1-2: Strikes out swinging
|
Batting: SHB Arend van der Veen
|
0-0: Swinging Strike 0-1: Ball 1-1: Ball 2-1: SOLO HOME RUN (Line Drive, 9LD, EV 106.2 MPH), Distance : 352 ft
|
Batting: RHB Tristan Powell
|
0-0: Ball 1-0: Ball 2-0: Ball 3-0: Called Strike 3-1: Base on Balls
|
Batting: RHB Matsudaira Sugahara
|
0-0: Ball 1-0: Ball 2-0: Ground out 5-3 (Groundball, 56S, EV 65.6 MPH)
|
Bottom of the 2nd over - 1 run, 1 hit, 0 errors, 1 left on base; Scranton 1 - Florida 2 |
TOP OF THE 3RD |
Scranton Supernovas batting - Pitching for Florida Men : LHP Raúl Hinojosa
|
Batting: RHB Domingo Cabrera
|
0-0: Called Strike 0-1: Called Strike 0-2: Strikes out looking
|
Batting: RHB Yong-ho Jheon
|
0-0: Called Strike 0-1: SINGLE (Groundball, 56D, EV 108.1 MPH)
|
Batting: RHB Zhong-yan Zhang
|
0-0: Called Strike Yong-ho Jheon is caught stealing 2nd base 2-4 0-1: Foul Ball, location: 2F 0-2: Ball 1-2: Ball 2-2: Ball 3-2: Base on Balls
|
Batting: RHB August Force
|
0-0: Called Strike 0-1: Ball Zhong-yan Zhang is caught stealing 2nd base 2-4
|
Top of the 3rd over - 0 runs, 1 hit, 0 errors, 0 left on base; Scranton 1 - Florida 2 |
BOTTOM OF THE 3RD |
Florida Men batting - Pitching for Scranton Supernovas : RHP Heath Brown
|
Batting: RHB Marcos Janero
|
0-0: Ball 1-0: Ball 2-0: Ball 3-0: Called Strike 3-1: Base on Balls
|
Batting: LHB Edward Kisiner
|
0-0: Ground out 4-3 (Groundball, 4S, EV 68.8 MPH) Marcos Janero to second
|
Batting: RHB Walke Mehoff
|
0-0: Foul Ball, location: 2F 0-1: Ball 1-1: Ball 2-1: Ball 3-1: SINGLE (Groundball, 4MD, EV 94.4 MPH) Marcos Janero to third Runner from 3rd tries for Home, SAFE, no throw by CF
|
Batting: RHB César Guerra
|
0-0: Foul Ball, location: 2F 0-1: Called Strike 0-2: Ball 1-2: Foul Ball, location: 2F 1-2: Ball 2-2: Ball 3-2: Base on Balls Walke Mehoff to second
|
Batting: LHB Basava Puri
|
0-0: Called Strike 0-1: SINGLE (Groundball, 4MD, EV 98.1 MPH) Walke Mehoff to third César Guerra to second
|
Batting: RHB Pellervo Rintanen
|
0-0: Ball 1-0: Fly out, F8 (Flyball, 8LM, EV 90.6 MPH) Runner from 3rd tags up, SCORES, throw by CF
|
Batting: SHB Arend van der Veen
|
0-0: Foul Ball, location: 2F 0-1: Ball 1-1: Ball 2-1: Foul Ball, location: 2F 2-2: Strikes out looking
|
Bottom of the 3rd over - 2 runs, 2 hits, 0 errors, 2 left on base; Scranton 1 - Florida 4 |
TOP OF THE 4TH |
Scranton Supernovas batting - Pitching for Florida Men : LHP Raúl Hinojosa
|
Batting: RHB August Force
|
0-0: Ball 1-0: Called Strike 1-1: Ground out 4-3 (Groundball, 4M, EV 87.5 MPH)
|
Batting: LHB Guan-pei Bei
|
0-0: Fly out, F6 (Popup, 6, EV 76.9 MPH)
|
Batting: RHB Phil Moore
|
0-0: Called Strike 0-1: Ball 1-1: Ball 2-1: Swinging Strike 2-2: Foul Ball, location: 2F 2-2: Ball 3-2: Ground out 1-3 (Groundball, 13S, EV 71.9 MPH)
|
Top of the 4th over - 0 runs, 0 hits, 0 errors, 0 left on base; Scranton 1 - Florida 4 |
BOTTOM OF THE 4TH |
Florida Men batting - Pitching for Scranton Supernovas : RHP Heath Brown
|
Batting: RHB Tristan Powell
|
0-0: Called Strike 0-1: Ground out 6-3 (Groundball, 6, EV 82.5 MPH)
|
Batting: RHB Matsudaira Sugahara
|
0-0: Swinging Strike 0-1: Swinging Strike 0-2: Ball 1-2: Ball 2-2: Strikes out swinging
|
Batting: RHB Marcos Janero
|
0-0: Ball 1-0: Foul Ball, location: 2F 1-1: Ball 2-1: Ball 3-1: Base on Balls
|
Batting: LHB Edward Kisiner
|
0-0: Ball 1-0: Foul Ball, location: 2F 1-1: Ball 2-1: Swinging Strike 2-2: Ball 3-2: Strikes out swinging
|
Bottom of the 4th over - 0 runs, 0 hits, 0 errors, 1 left on base; Scranton 1 - Florida 4 |
TOP OF THE 5TH |
Scranton Supernovas batting - Pitching for Florida Men : LHP Raúl Hinojosa
|
Batting: RHB Gene Wilson
|
0-0: SINGLE (Groundball, 56D, EV 101.9 MPH)
|
Batting: LHB Quentin Batkin
|
0-0: Bunted foul 0-1: Sac Bunt to 15S - play at first, batter OUT! 1-4 Gene Wilson to second
|
Batting: RHB Guillermo Alessandrini
|
0-0: SINGLE (Line Drive, 4MD, EV 96.9 MPH) Gene Wilson to third
|
Batting: RHB Domingo Cabrera
|
0-0: Grounds into double play, 4-6-3 (Groundball, 4, EV 100.6 MPH)
|
Top of the 5th over - 0 runs, 2 hits, 0 errors, 1 left on base; Scranton 1 - Florida 4 |
BOTTOM OF THE 5TH |
Florida Men batting - Pitching for Scranton Supernovas : RHP Heath Brown
|
Pitching: RHP Nick de la Fuente
|
|
Batting: RHB Walke Mehoff
|
0-0: Ball 1-0: Foul Ball, location: 2F 1-1: Ball 2-1: SOLO HOME RUN (Flyball, 7LD, EV 85.6 MPH), Distance : 344 ft
|
Batting: RHB César Guerra
|
0-0: Called Strike 0-1: Ground out 6-3 (Groundball, 6, EV 103.8 MPH)
|
Batting: LHB Basava Puri
|
0-0: Ball 1-0: Ball 2-0: Ball 3-0: Called Strike 3-1: Base on Balls
|
Batting: RHB Pellervo Rintanen
|
0-0: Called Strike Basava Puri steals 2nd base (no throw) 0-1: Ball 1-1: Ball 2-1: Foul Ball, location: 2F 2-2: Foul Ball, location: 2F 2-2: Ball 3-2: Foul Ball, location: 2F 3-2: Base on Balls
|
Batting: SHB Arend van der Veen
|
0-0: Called Strike 0-1: Ball 1-1: DOUBLE (Line Drive, 78M, EV 107.5 MPH) Basava Puri scores Pellervo Rintanen to third
|
Batting: RHB Tristan Powell
|
0-0: Ball 1-0: Ball 2-0: Swinging Strike 2-1: Called Strike 2-2: SINGLE (Line Drive, 8LS, EV 106.2 MPH) Pellervo Rintanen scores Arend van der Veen to third
|
Batting: RHB Matsudaira Sugahara
|
0-0: Swinging Strike 0-1: Ball 1-1: Fly out, F8 (Line Drive, 8LD, EV 98.1 MPH) Runner from 3rd tags up, SCORES, throw by CF
|
Pitching: RHP Knud Herrewijn
|
|
Batting: RHB Marcos Janero
|
0-0: Called Strike 0-1: Foul Ball, location: 2F 0-2: Reached on error, E4 (Groundball, 4, EV 86.2 MPH) Tristan Powell to second
|
Batting: LHB Edward Kisiner
|
0-0: Ball 1-0: Foul Ball, location: 2F 1-1: Ball 2-1: Ball 3-1: Fly out, F7 (Flyball, 7LSF, EV 98.1 MPH)
|
Bottom of the 5th over - 4 runs, 3 hits, 1 error, 2 left on base; Scranton 1 - Florida 8 |
TOP OF THE 6TH |
Scranton Supernovas batting - Pitching for Florida Men : LHP Raúl Hinojosa
|
Batting: RHB Yong-ho Jheon
|
0-0: Ball 1-0: Ball 2-0: Ball 3-0: Base on Balls
|
Batting: RHB Zhong-yan Zhang
|
0-0: Ball 1-0: Ball 2-0: Ball 3-0: Called Strike 3-1: SINGLE (Groundball, 56D, EV 105.0 MPH) Yong-ho Jheon to second
|
Batting: RHB August Force
|
0-0: Swinging Strike 0-1: DOUBLE (Groundball, 5L, EV 100.0 MPH) Yong-ho Jheon scores Zhong-yan Zhang to third
|
Batting: LHB Guan-pei Bei
|
0-0: Ball 1-0: Called Strike 1-1: Fly out, F7 (Flyball, 7, EV 85.6 MPH) Runner from 3rd tags up, SCORES, throw by LF
|
Batting: RHB Phil Moore
|
0-0: Called Strike 0-1: Ground out 4-3 (Groundball, 34, EV 84.4 MPH) August Force to third
|
Batting: RHB Gene Wilson
|
0-0: Ball 1-0: Called Strike 1-1: Fly out, F8 (Line Drive, 8RM, EV 88.8 MPH)
|
Top of the 6th over - 2 runs, 2 hits, 0 errors, 1 left on base; Scranton 3 - Florida 8 |
BOTTOM OF THE 6TH |
Florida Men batting - Pitching for Scranton Supernovas : RHP Knud Herrewijn
|
Batting: RHB Walke Mehoff
|
0-0: Ground out 2-3 (Groundball, 2L, EV 69.4 MPH)
|
Batting: RHB César Guerra
|
0-0: Ball 1-0: Ball 2-0: Foul Ball, location: 2F 2-1: SINGLE (Line Drive, 78M, EV 105.0 MPH)
|
Batting: LHB Basava Puri
|
0-0: Ball 1-0: Ball 2-0: Fielders Choice at 2nd, 3-6 (Groundball, 3, EV 81.9 MPH)
|
Batting: RHB Pellervo Rintanen
|
0-0: Ball 1-0: Foul Ball, location: 2F 1-1: Ball 2-1: Ball 3-1: Foul Ball, location: 2F 3-2: Ground out 5-3 (Groundball, 56, EV 94.4 MPH)
|
Bottom of the 6th over - 0 runs, 1 hit, 0 errors, 1 left on base; Scranton 3 - Florida 8 |
TOP OF THE 7TH |
Scranton Supernovas batting - Pitching for Florida Men : LHP Raúl Hinojosa
|
Batting: LHB Quentin Batkin
|
0-0: Called Strike 0-1: Fly out, F8 (Line Drive, 8LD, EV 87.5 MPH)
|
Batting: RHB Guillermo Alessandrini
|
0-0: Ball 1-0: Ball 2-0: Foul Ball, location: 2F 2-1: Ball 3-1: Foul Ball, location: 2F 3-2: Foul Ball, location: 2F 3-2: Base on Balls
|
Pitching: RHP John Fain
|
|
Batting: RHB Domingo Cabrera
|
0-0: Called Strike 0-1: Ball 1-1: DOUBLE (Line Drive, 9LM, EV 105.0 MPH) Guillermo Alessandrini to third Runner from 3rd tries for Home, SAFE, no throw by RF
|
Batting: RHB Yong-ho Jheon
|
0-0: Called Strike 0-1: Ball 1-1: DOUBLE (Flyball, 78XD, EV 90.0 MPH) Domingo Cabrera scores
|
Batting: RHB Zhong-yan Zhang
|
0-0: Called Strike 0-1: Ball 1-1: Fly out, F9 (Flyball, 9LM, EV 86.9 MPH)
|
Batting: RHB August Force
|
0-0: Ball 1-0: Ball 2-0: Foul Ball, location: 2F 2-1: Ground out 5-3 (Groundball, 56, EV 82.5 MPH)
|
Top of the 7th over - 2 runs, 2 hits, 0 errors, 1 left on base; Scranton 5 - Florida 8 |
BOTTOM OF THE 7TH |
Florida Men batting - Pitching for Scranton Supernovas : RHP Knud Herrewijn
|
Batting: SHB Arend van der Veen
|
0-0: DOUBLE (Line Drive, 7LM, EV 101.9 MPH)
|
Batting: RHB Tristan Powell
|
0-0: Ground out 5-3 (Groundball, 56S, EV 92.5 MPH)
|
Batting: RHB Matsudaira Sugahara
|
0-0: Called Strike 0-1: Foul Ball, location: 2F 0-2: Ball 1-2: Strikes out swinging
|
Batting: RHB Marcos Janero
|
0-0: Ground out 5-3 (Groundball, 56S, EV 81.2 MPH)
|
Bottom of the 7th over - 0 runs, 1 hit, 0 errors, 1 left on base; Scranton 5 - Florida 8 |
TOP OF THE 8TH |
Scranton Supernovas batting - Pitching for Florida Men : RHP John Fain
|
Batting: LHB Guan-pei Bei
|
0-0: Ball 1-0: Ball 2-0: SOLO HOME RUN (Flyball, 78XD, EV 108.8 MPH), Distance : 404 ft
|
Batting: RHB Phil Moore
|
0-0: Ball 1-0: Called Strike 1-1: Foul Ball, location: 2F 1-2: Ball 2-2: Foul Ball, location: 2F 2-2: Ground out 5-3 (Groundball, 56S, EV 76.9 MPH)
|
Batting: RHB Gene Wilson
|
0-0: Called Strike 0-1: Called Strike 0-2: Ball 1-2: Ground out 6-3 (Groundball, 6, EV 81.2 MPH)
|
Batting: LHB Quentin Batkin
|
0-0: Called Strike 0-1: Ball 1-1: Called Strike 1-2: Strikes out swinging
|
Top of the 8th over - 1 run, 1 hit, 0 errors, 0 left on base; Scranton 6 - Florida 8 |
BOTTOM OF THE 8TH |
Florida Men batting - Pitching for Scranton Supernovas : RHP Knud Herrewijn
|
Batting: LHB Edward Kisiner
|
0-0: Ball 1-0: Ball 2-0: Called Strike 2-1: Called Strike 2-2: Ball 3-2: Foul Ball, location: 2F 3-2: Ground out 4-3 (Groundball, 4, EV 85.6 MPH)
|
Batting: RHB Walke Mehoff
|
0-0: Called Strike 0-1: SINGLE (Flyball, 7LS, EV 93.1 MPH)
|
Batting: RHB César Guerra
|
0-0: Ball 1-0: Foul Ball, location: 2F 1-1: Foul Ball, location: 2F 1-2: Foul Ball, location: 2F 1-2: Ball 2-2: Ball 3-2: Strikes out swinging
|
Batting: LHB Basava Puri
|
0-0: Swinging Strike 0-1: Called Strike 0-2: Ball 1-2: Ball 2-2: Strikes out swinging
|
Bottom of the 8th over - 0 runs, 1 hit, 0 errors, 1 left on base; Scranton 6 - Florida 8 |
TOP OF THE 9TH |
Scranton Supernovas batting - Pitching for Florida Men : RHP John Fain
|
Batting: RHB Guillermo Alessandrini
|
0-0: Foul Ball, location: 2F 0-1: Fly out, F7 (Flyball, 7LM, EV 96.9 MPH)
|
Batting: RHB Domingo Cabrera
|
0-0: Ball 1-0: Called Strike 1-1: Ball 2-1: Foul Ball, location: 2F 2-2: Foul Ball, location: 2F 2-2: Ball 3-2: Foul Ball, location: 2F 3-2: Foul Ball, location: 2F 3-2: Strikes out swinging
|
Batting: RHB Yong-ho Jheon
|
0-0: Foul Ball, location: 2F 0-1: Foul Ball, location: 2F 0-2: Foul Ball, location: 2F 0-2: Ball 1-2: Ball 2-2: Strikes out swinging
|
Top of the 9th over - 0 runs, 0 hits, 0 errors, 0 left on base; Scranton 6 - Florida 8 |
|